Workbook

Sheet Allgemein
A1: Preisblatt für die Ausschreibung einer Rahmenvereinbarung für die Miete von Druckern und Multifunktionsgeräten an der TU Clausthal
A2: Ausschreibung Nr.: | B2: 02402/0120/17
A3: Angebot von:
A4: Portal ID: | B4: CXS0YBQDY6S2L8MS
A6: Referenz | B6: Leistungsgegenstand | C6: Preis ohne MwSt. in €
A7: A | B7: Allgemeine Preisangaben über alle Leistungsklassen
A8: A.1 | B8: Klickpreis pro DIN A4 Seite s/w
A9: A.2 | B9: Klickpreis pro DIN A4 Seite farbig
A11: Jeder Klick ist unabhängig vom Farbdeckungsgrad.
A12: Alle Preise sind in EURO ohne die gesetzliche Umsatzsteuer anzugeben.
A13: Alle entstehenden Kosten sind mit der Gerätemiete und dem Klickpreis abgegolten.
A15: Alle auszufüllenden Bereiche sind hellgrün hervorgehoben.
A17: In Tabellenblatt zu jeder Leistungsklasse (LK) sind Preise einzutragen.
A19: Im Tabellenblatt "Gesamtpreis" sind die Werte für d. durchschnittlichen Energiebedarf der Geräte einzutragen.

Sheet LK 1
A1: Preisblatt für die Ausschreibung einer Rahmenvereinbarung für die Miete von Druckern und Multifunktionsgeräten an der TU Clausthal
A3: Leistungsklasse 1
A4: Multifunktionsgerät DIN A4, Farbe, min. 20 S./min, ausgelegt für min. 2.000 S./Monat
A6: Ref. | B6: Leistungsgegenstand | C6: Preis ohne MwSt. in €
A7: B | B7: Systemmietpreis – inklusive der in Leistungsbeschreibung und der Beantwortung der Leistungskriterien angegebenen Leistungen
A8: B.1 | B8: Systemmietpreis monatlich "Leistungsklasse 1" (Multifunktionsgerät DIN A4, Farbe, min. 20 S./min, ausgelegt für min. 2.000 S./Monat)
A9: C | B9: Zubehör/Optionen inklusive Einbau – Mietpreise pro Monat
A10: C.1 | B10: zusätzliche Universal-Papierkassette à 200 Blatt 80 g/m² (vgl. Leistungskriterium 2.2.1)
A11: C.2 | B11: Unterschrank für Konfigurationen mit 2 Papierkassetten (vgl. Leistungskriterium 1.4.1)
A12: C.3 | B12: Unterschrank für Konfigurationen mit 3 Papierkassetten (vgl. Leistungskriterium 1.4.1)
A13: C.4 | B13: Connector-Lösung zur Anbindung an Papercut MF (vgl. Leistungskriterium 4.2.2)

Sheet LK 2
A1: Preisblatt für die Ausschreibung einer Rahmenvereinbarung für die Miete von Druckern und Multifunktionsgeräten an der TU Clausthal
A3: Leistungsklasse 2
A4: Multifunktionsgerät DIN A3, Farbe, min. 30 S./min, ausgelegt für min. 10.000 S./Monat
A6: Ref. | B6: Leistungsgegenstand | C6: Preis ohne MwSt. in €
A7: B | B7: Systemmietpreis – inklusive der in Leistungsbeschreibung und der Beantwortung der Leistungskriterien angegebenen Leistungen
A8: B.1 | B8: Systemmietpreis monatlich "Leistungsklasse 2" (Multifunktionsgerät DIN A3, Farbe, min. 30 S./min, ausgelegt für min. 10.000 S./Monat)
A9: C | B9: Zubehör/Optionen inklusive Einbau – Mietpreise pro Monat
A10: C.1 | B10: zusätzliche Universal-Papierkassette à 500 Blatt 80 g/m² (vgl. Leistungskriterium 2.2.1)
A11: C.2 | B11: Großraumpapierkassette mit min. 1.000 Blatt DIN A4 80 g/m² (vgl. Leistungskriterium 2.2.8)
A12: C.3 | B12: Kartenleser für RFID / NFC (vgl. Leistungskriterium 1.1.11)
A13: C.4 | B13: zweite Scanleiste für Onepass-Scan beidseitiger Vorlagen (vgl. Leistungskriterium 5.1.7)
A14: C.5 | B14: Unterschrank für Konfigurationen mit 2 Papierkassetten (vgl. Leistungskriterium 1.4.1)
A15: C.6 | B15: Unterschrank für Konfigurationen mit 3 Papierkassetten (vgl. Leistungskriterium 1.4.1)
A16: C.7 | B16: Locheinheit 2-fach (vgl. Leistungskriterium 2.3.8)
A17: C.8 | B17: Locheinheit 4-fach (vgl. Leistungskriterium 2.3.9)
A18: C.9 | B18: Heftfinisher 500 Blatt Ausgabekapazität, min. 50 Blatt Heftleistung (vgl. Leistungskriterium 2.3.3)
... A25: C.16 | B25: Connector-Lösung zur Anbindung an Papercut MF (vgl. Leistungskriterium 4.2.2)

Sheet LK 3
A1: Preisblatt für die Ausschreibung einer Rahmenvereinbarung für die Miete von Druckern und Multifunktionsgeräten an der TU Clausthal
A3: Leistungsklasse 3
A4: Multifunktionsgerät DIN A3, Farbe, min. 45 S./min, ausgelegt für min. 35.000 S./Monat
A6: Ref. | B6: Leistungsgegenstand | C6: Preis ohne MwSt. in €
A7: B | B7: Systemmietpreis – inklusive der in Leistungsbeschreibung und der Beantwortung der Leistungskriterien angegebenen Leistungen
A8: B.1 | B8: Systemmietpreis monatlich "Leistungsklasse 3" (Multifunktionsgerät DIN A3, Farbe, min. 45 S./min, ausgelegt für min. 35.000 S./Monat)
A9: C | B9: Zubehör/Optionen inklusive Einbau – Mietpreise pro Monat
A10: C.1 | B10: zusätzliche Universal-Papierkassette à 500 Blatt 80 g/m² (vgl. Leistungskriterium 2.2.1)
A11: C.2 | B11: Großraumpapierkassette mit min. 1.000 Blatt DIN A4 80 g/m² (vgl. Leistungskriterium 2.2.8)
A12: C.3 | B12: Kartenleser für RFID / NFC (vgl. Leistungskriterium 1.1.11)
A13: C.4 | B13: zweite Scanleiste für Onepass-Scan beidseitiger Vorlagen (vgl. Leistungskriterium 5.1.7)
A14: C.5 | B14: Unterschrank für Konfigurationen mit 2 Papierkassetten (vgl. Leistungskriterium 1.4.1)
A15: C.6 | B15: Unterschrank für Konfigurationen mit 3 Papierkassetten (vgl. Leistungskriterium 1.4.1)
A16: C.7 | B16: Versatzablage (vgl. Leistungskriterium 1.4.2)
A17: C.8 | B17: Locheinheit 2-fach (vgl. Leistungskriterium 2.3.8)
A18: C.9 | B18: Locheinheit 4-fach (vgl. Leistungskriterium 2.3.9)
... A26: C.17 | B26: Connector-Lösung zur Anbindung an Papercut MF (vgl. Leistungskriterium 4.2.2)

Sheet Gesamtpreis
A1: Anbieter: | B1: =IF(ISBLANK(Allgemein!B3),"",Allgemein!B3)
A3: Leistungsklasse | B3: 1 | C3: 2 | D3: 3
A4: geschätzter Gesamtumfang (TUC & Leuphana) | B4: 60 | C4: 130 | D4: 65
A5: geschätzte mtl. Seiten DIN A4 s/w | B5: =16000/B4 -> 266.66667 | C5: =(37000+96000)/C4 -> 1023.0769 | D5: =(80000+36000)/D4 -> 1784.6154
A6: geschätzte mtl. Seiten DIN A4 farbig | B6: =7500/B4 -> 125 | C6: =(21500+40000)/C4 -> 473.07692 | D6: =(15000+32500)/D4 -> 730.76923
A7: Diese Schätzungen basieren auf der Darlegung in Kapitel 3.10 der Rahmenvereinbarung
A9: TSVWoche (typischer Stromverbrauch pro Woche) (kWh/Woche)
A11: mtl. Systemmietpreis P Systemmiete | B11: ='LK 1'!$C$8 -> 0 | C11: ='LK 2'!$C$8 -> 0 | D11: ='LK 3'!$C$8 -> 0
A12: mtl. Klickkosten PKlickkosten | B12: =$B$21*B5+$B$23*B6 -> 0 | C12: =$B$21*C5+$B$23*C6 -> 0 | D12: =$B$21*D5+$B$23*D6 -> 0
A14: Preis pro Monat PLK-Lieferant | B14: =ROUND(B11+B12,2) -> 0 | C14: =ROUND(C11+C12,2) -> 0 | D14: =ROUND(D11+D12,2) -> 0
A16: mtl. Energiekosten PEnergie | B16: =4*$B$35*B9 -> 0 | C16: =4*$B$35*C9 -> 0 | D16: =4*$B$35*D9 -> 0
A18: Preis pro Monat PGerät | B18: =ROUND(B14+B16,2) -> 0 | C18: =ROUND(C14+C16,2) -> 0 | D18: =ROUND(D14+D16,2) -> 0
F20: mtl. Gesamtpreis Pgesamt
A21: Klickpreis s/w | B21: =Allgemein!C8 -> 0
F22: =SUM(B18:D18) -> 0
A23: Klickpreis farbig | B23: =Allgemein!C9 -> 0
A35: Energiepreis in EUR | B35: 0.289
